 Dungeon Crawl Stone Soup version 0.20.0-1-g1cb1d84 (webtiles) character file.

39 straycat the Ducker (level 3, -2/27 HPs)
             Began as a Vampire Wanderer on May 26, 2017.
             Slain by an adder (4 damage)
             ... on level 3 of the Dungeon.
             The game lasted 00:11:10 (2250 turns).

straycat the Ducker (Vampire Wanderer)              Turns: 2250, Time: 00:11:11

Health: -2/27      AC:  0    Str: 13    XL:     3   Next: 26%
Magic:  1/3        EV: 21    Int: 13    God:
Gold:   67         SH:  0    Dex: 18    Spells: 2/2 levels left

rFire    . . .     SeeInvis +     - Unarmed
rCold    . . .     Gourm    .   (shield currently unavailable)
rNeg     + . .     Faith    .   (armour currently unavailable)
rPois    .         Spirit   .   (helmet currently unavailable)
rElec    .         Reflect  .   (cloak currently unavailable)
rCorr    .         Harm     .   (gloves currently unavailable)
MR       .....                  (boots currently unavailable)
Stlth    ++++......             (no amulet)
Regen    0.1/turn               (ring currently unavailable)
MPRegen  0.1/turn               (ring currently unavailable)

@: bat-form, flying, very quick
A: fangs 3, see invisible
a: End Transformation


You were on level 3 of the Dungeon.
You were not thirsty.
You were in vampire-bat-form.
You visited 1 branch of the dungeon, and saw 3 of its levels.

You collected 67 gold pieces.

Inventory:

Hand Weapons
 a - a +2 quarterstaff (melded)
 h - a +0 short sword
Missiles
 e - 47 stones (quivered)
 l - 19 arrows
 m - 10 bolts
Armour
 c - a +0 ring mail
 j - a +2 leather armour of poison resistance (melded)
Jewellery
 g - a ring of protection from fire (melded)
Scrolls
 f - a scroll of amnesia {unknown}
 i - a scroll of fear {unknown}
 k - a scroll of teleportation {unknown}
Potions
 d - 3 potions of blood


   Skills:
 + Level 2.1 Fighting
 - Level 1.0 Staves
   Level 1.0 Bows
 - Level 1.0 Throwing
 - Level 1.5 Armour
 * Level 3.2 Dodging
 + Level 1.2 Stealth
   Level 1.0 Shields
 * Level 1.4 Unarmed Combat


You had 2 spell levels left.
You didn't know any spells.

Dungeon Overview and Level Annotations

Branches:
Dungeon (3/15)

Altars:


Innate Abilities, Weirdness & Mutations

You have razor-sharp teeth.
You have supernaturally acute eyesight. (SInv)
((You can survive without breathing.))


Message History

You no longer feel resistant to poison.
You strike the helpless adder from behind!
You hit the adder but do no damage. You bite the adder, but do no damage.
The adder closely misses you.
You hit the adder.
The adder is lightly wounded.
The adder bites you.
* * * LOW HITPOINT WARNING * * *
The adder barely misses you.
There is an open door here.
There is a stone staircase leading down here.
You hit the adder. Your bite misses the adder.
The adder is lightly wounded.
The adder completely misses you.
You hit the adder.
The adder is moderately wounded.
The adder bites you.
* * * LOW HITPOINT WARNING * * *
The adder bites you.
You die...

......'....## #.#.######.##
....).##....# #.#.#........
##### #....# #.#.#.#..#.##
#....# #.#.#.#..#.# #######....#
#.#.#.####.# #..........#
#.#.#......# ######......##'###
#.#......###
.....'......+..S>####..........#
##.###......##.#b##..........#.#
##.###########.#.##.##########
...............#.##.#
##.#############.##.#
...........# #.##.# .#.#######.#
#.##'### .#.#######.# #......#
#.##......# #......#
#.##......#####......######## ##


You could see an adder.

Vanquished Creatures
  2 adders
  A worm (D:2)
  2 giant cockroaches
  A goblin (D:2)
  A hobgoblin (D:2)
  4 kobolds (D:1)
  4 bats
  3 frilled lizards
  A rat (D:2)
19 creatures vanquished.

Notes
Turn   | Place    | Note
-------+----------+-------------------------------------------
     0 | D:1      | straycat the Vampire Wanderer began the quest for the Orb.
     0 | D:1      | straycat set off with: a +2 quarterstaff, a potion of lignification, a +0 ring mail, a potion of blood
     0 | D:1      | Reached XP level 1. HP: 16/16 MP: 1/1
  1110 | D:1      | Reached XP level 2. HP: 22/22 MP: 2/2
  1538 | D:2      | Reached skill level 1 in Unarmed Combat
  1658 | D:2      | Reached skill level 3 in Dodging
  1961 | D:2      | Reached XP level 3. HP: 27/27 MP: 3/3
  2212 | D:3      | Reached skill level 1 in Stealth
  2250 | D:3      | Slain by an adder

Skill      XL: |  1  2  3 |
---------------+----------+-----
Fighting       | 2 |  2.1
Unarmed Combat | 1 |  1.4
Dodging        | 3 |  3.2
Stealth        | 1 |  1.2
Staves         | |  1.0
Bows           | |  1.0
Throwing       | |  1.0
Armour         | |  1.5
Shields        | |  1.0

Action                   || total
-------------------------++-------
Melee: Unarmed           ||   111
       Bite              ||    12
       Punch             ||     1
       Quarterstaff      ||    29
Throw: Stone             ||     1
 Abil: Bat Form          ||     1
  Use: Potion            ||     8
 Stab: Sleeping          ||     1
       Distracted        ||     1
Armor: Leather armour    ||    47
       Ring mail         ||    12
       Skin              ||     1
Dodge: Dodged            ||    97
